 Dungeon Crawl Stone Soup version 0.30.0 (webtiles) character file.

Game seed: 16129317862250873530

32 Monkooky the Grasshopper (level 3, 0/28 HPs)
             Began as a Barachi Warper on May 6, 2023.
             Was a Believer of Ru.
             Succumbed to an adder's poison
             ... on level 2 of the Dungeon.
             The game lasted 00:01:53 (783 turns).

Monkooky the Grasshopper (Barachi Warper)            Turns: 783, Time: 00:01:54

Health: 0/28       AC:  3    Str: 14    XL:     3   Next: 25%
Magic:  6/6        EV: 11    Int: 13    God:    Ru [**....]
Gold:   34         SH:  0    Dex: 11    Spells: 6/6 levels left

rFire   . . .        a - +0 hand axe
rCold   . . .        (no shield)
rNeg    . . .        b - +0 leather armour
rPois   .            (no helmet)
rElec   .            (no cloak)
rCorr   .            (no gloves)
SInv    .            (no boots)
Will    .....        (no amulet)
Stlth   +            (no ring)
HPRegen 0.24/turn    (no ring)
MPRegen 0.10/turn

%: no passive effects
@: lethally poisoned (0 -> -2), unable to hop, hasted, quick
A: amphibious, slowness 1, hated by all, strong legs 1, +LOS
a: Hop, Renounce Religion


You were on level 2 of the Dungeon.
You worshipped Ru.
Ru was pleased with you.
You visited 1 branch of the dungeon, and saw 2 of its levels.

You collected 34 gold pieces.

Inventory:

Hand Weapons
 a - a +0 hand axe (weapon)
Missiles
 d - 2 boomerangs of dispersal (quivered)
Armour
 b - a +0 leather armour (worn)


   Skills:
 - Level 2.7 Fighting
 + Level 3.2 Axes
 - Level 1.0 Throwing
 - Level 1.2 Armour
 - Level 2.3 Dodging
 - Level 2.2 Spellcasting
 - Level 3.7 Translocations


You had 6 spell levels left.
You didn't know any spells.
Your spell library contained the following spells:

 Spells                   Type           Power      Damage    Failure   Level
 Blink                    Tloc           22%        N/A       10%         2
 Lesser Beckoning         Tloc           22%        N/A       10%         2
 Teleport Other           Tloc           11%        N/A       21%         3
 Vhi's Electric Charge    Tloc/Air       12%        N/A       41%         3
 Manifold Assault         Tloc           11%        N/A       54%         4


Dungeon Overview and Level Annotations

Branches:
Dungeon (2/15)

Altars:
Ru

Shops:
D:1 !


Innate Abilities, Weirdness & Mutations

You are amphibious.
You cover ground slowly.
You are hated by all.
You can hop short distances.
You have an extended range of vision and can be seen from far away.


Message History

The adder is severely wounded.
You feel sick.
Throw: 4 boomerangs (disperse)
Press: ? - help, Q - select action, (/) - cycle Shift-Dir - straight line, f/p - adder
Aim: an adder (severely wounded, 35% to hit)
You throw a boomerang of dispersal.
The boomerang of dispersal closely misses the adder.
You feel sick.
Throw: 3 boomerangs (disperse)
Press: ? - help, Q - select action, (/) - cycle Shift-Dir - straight line, f/p - adder
Aim: an adder (severely wounded, 35% to hit)
You throw a boomerang of dispersal.
The boomerang of dispersal misses the adder.
You feel sick.
You are no longer poisoned.
The adder bites you but does no damage. The adder bites you.
* * * LOW HITPOINT WARNING * * *
You don't know any spells.
You aren't carrying any items that you can evoke.
It was a potion of haste.
You feel yourself speed up. The adder closely misses you.
The adder attacks as you move away! The adder bites you but does no damage.
Throw: 2 boomerangs (disperse)
Press: ? - help, Q - select action, (/) - cycle Shift-Dir - straight line, f/p - adder
Aim: an adder (heavily wounded, 35% to hit)
Okay, then.
A ball python comes into view.
You see here a giant cockroach corpse.
The adder attacks as you move away! The adder bites you.
* * * LOW HITPOINT WARNING * * *
You are lethally poisoned!
The adder poisons you!
* * * LOW HITPOINT WARNING * * *
You feel sick.
Blink to where?
Press: ? - help, Dir - move target, p - adder
As you read the scroll of blinking, it crumbles to dust.
* * * LOW HITPOINT WARNING * * *
You feel sick.
You die...

.....# ....# ...###
....
######+#.########
#.........)......
#S####.#.###########
#.....†.............
######.S@.†.....>...
#....#.##.....#
#..#.#....S...#
##..........#.#
###.####...# #+#
...# ..# .# ..


You could see an adder and a ball python.

Vanquished Creatures
  An adder (D:2)
  A dart slug (D:1)
  2 endoplasms (D:1)
  A giant cockroach (D:2)
  3 goblins (D:1)
  2 hobgoblins (D:1)
  4 kobolds (D:1)
  A quokka (D:1)
  2 ball pythons (D:1)
  A bat (D:1)
  2 rats (D:1)
20 creatures vanquished.

Notes
Turn   | Place    | Note
-------+----------+-------------------------------------------
     0 | D:1      | Monkooky the Barachi Warper began the quest for the Orb.
     0 | D:1      | Reached XP level 1. HP: 17/17 MP: 3/3
    45 | D:1      | Found a faded altar of an unknown god.
    51 | D:1      | Prayed at the altar of an unknown god.
    51 | D:1      | Became a worshipper of Ru the Awakened
    59 | D:1      | Reached XP level 2. HP: 19/23 MP: 5/5
    78 | D:1      | Gained mutation: You are hated by all. [Ru sacrifice]
    78 | D:1      | Reached * piety under Ru
    78 | D:1      | Reached ** piety under Ru
   451 | D:1      | Found Efaet's Distillery.
   697 | D:2      | Reached XP level 3. HP: 17/28 MP: 6/6
   764 | D:2      | HP: 1/28 [adder (3)]
   782 | D:2      | HP: 1/28 [poisoned by an adder]
   783 | D:2      | Succumbed to an adder's poison

Illustrated notes

Levels and vault maps discovered:
D:1:      sevenhm_arrival_forest_fort_small_4, layout_basic,
          shapermc_ecumenical_altar_pompeii, serial_shops,
          nicolae_lakefront_shop
D:2:      layout_basic, serial_curves, eino_curves_04, eino_curves_04,
          eino_curves_01, eino_curves_03, minivault_19

Skill      XL: |  1  2 |
---------------+-------+-----
Axes           | 3 |  3.2
Fighting       | |  2.7
Throwing       | |  1.0
Armour         | |  1.2
Dodging        | |  2.3
Spellcasting   | |  2.2
Translocations | |  3.7

Action                     || total
---------------------------++-------
  Melee: Hand axe          ||    57
  Throw: Boomerang         ||     5
 Invoke: Sacrifice Love    ||     1
Ability: Hop               ||     1
    Use: Scroll            ||     1
         Potion            ||     1
 Armour: Leather armour    ||    17
  Dodge: Dodged            ||    36
